 Dungeon Crawl Stone Soup version 0.30-a0-385-gfebfb9b408 (webtiles) character file.

Game seed: 5499650286776403502

250 lunkers the Slasher (level 6, -21/51 HPs)
             Began as a Meteoran Fighter on Dec 2, 2022.
             Was an Initiate of Trog.
             Demolished by an ogre
             ... wielding a +0 giant spiked club
              (24 damage)
             ... on level 4 of the Dungeon.
             The game lasted 00:03:55 (1236 turns).

lunkers the Slasher (Meteoran Fighter)              Turns: 1236, Time: 00:03:55

Health: -21/51     AC:  8    Str: 19    XL:     6   Next: 62%
Magic:  7/7        EV:  9    Int: 10    God:    Trog [......]
Gold:   152        SH:  0    Dex: 14    Spells: 5/5 levels left

rFire   . . .      SeeInvis .    a - +0 long sword
rCold   . . .      Faith    .    g - orb {light}
rNeg    . . .      Spirit   .    b - +0 scale mail
rPois   .          Reflect  .    (no helmet)
rElec   .          Harm     .    r - +0 cloak
rCorr   .          Rampage  .    (no gloves)
Will    .....                    (no boots)
Stlth   ..........               (no amulet)
HPRegen 0.28/turn                (no ring)
MPRegen 0.10/turn                (no ring)

@: glowing
A: sense surroundings 1, otherworldly, glowing, explore regen
a: Renounce Religion


You were on level 4 of the Dungeon.
You worshipped Trog.
Trog was noncommittal.
You visited 1 branch of the dungeon, and saw 4 of its levels.

You collected 152 gold pieces.

Inventory:

Hand Weapons
 a - a +0 long sword (weapon)
Missiles
 l - a throwing net
Armour
 b - a +0 scale mail (worn)
 c - a +0 buckler
 g - an orb of light (worn)
 r - a +0 cloak (worn)
Wands
 o - a wand of iceblast (4)
Scrolls
 f - 5 scrolls of identify {unknown}
 j - 3 scrolls of silence {unknown}
 m - 2 scrolls of blinking {unknown}
 n - 2 scrolls of fear {unknown}
 q - a scroll of teleportation {unknown}
 s - 2 scrolls of fog {unknown}
 t - a scroll of poison {unknown}
Potions
 d - a potion of might
 e - a potion of resistance {unknown}
 h - a potion of lignification {unknown}
 i - a potion of heal wounds {unknown}
 k - 2 potions of haste {unknown}
 p - a potion of curing {unknown}


   Skills:
 - Level 3.2 Fighting
 + Level 7.5 Long Blades
 - Level 3.6 Armour
 - Level 3.6 Shields


You had 5 spell levels left.
You didn't know any spells.
Your spell library contained the following spells:

 Spells                   Type           Power      Damage    Failure   Level
 Slow                     Hex            0%         N/A       73%         1
 Confusing Touch          Hex            0%         N/A       97%         3
 Vampiric Draining        Necr           0%         2d6       97%         3


Dungeon Overview and Level Annotations

Branches:
Dungeon (4/15) Zot: 1147
 Temple: D:4-7

Altars:
Ashenzari
Fedhas
Sif Muna
Trog
The Shining One


Innate Abilities, Weirdness & Mutations

You passively map a small area around you.
You are easily found by Zot.
You glow in the dark.
You regain HP and MP as you explore.


Message History

You open the door.
There is an open door here.
You open the door.
There is an open door here.
There is an open door here.
You open the door.
There is an open door here.
You open the door.
There is an open door here.
t - a scroll labelled ENOET FUECARE You open the door.
There is an open door here.
You open the door.
There is an open door here.
You now have 142 gold pieces (gained 16).
You now have 152 gold pieces (gained 10).
There is an open door here.
Found a stone staircase leading up.
No target in view!
You open the door.
There is an open door here.
An ogre comes into view. It is wielding a +0 giant spiked club.
The ogre shouts!
Found 8 gold pieces.
The ogre hits you with a +0 giant spiked club!!
* * * LOW HITPOINT WARNING * * *
You slash the ogre!
The ogre is moderately wounded.
The ogre closely misses you.
You barely miss the ogre.
The ogre is moderately wounded.
You hit the ogre.
The ogre is heavily wounded.
The ogre hits you with a +0 giant spiked club!!
Ouch! That really hurt!
* * * LOW HITPOINT WARNING * * *
You hit the ogre.
The ogre is heavily wounded.
The ogre hits you with a +0 giant spiked club!!
You die...

#..............######
#......#####....,....
#####......'...#,
,,....
#..........#...+ ...
#....#######...#,, ,
... #....#.........#
*##+ #..<.#....##...#
, #....#....######
#....#..@....... ,
#....#.O........
,,#####
######..........
#.... #.....##.$..
#.... #.....# ....* ,
#.... ###+### ... *
#.... , , ,.. ,#....
, ,, ,#.... , #+#....


You could see an ogre.

Vanquished Creatures
  An ogre (D:4)
  A howler monkey (D:4)
  A hound (D:4)
  An iguana (D:4)
  Ijyb (D:3)
  An adder (D:3)
  A worm (D:3)
  An orc (D:4)
  4 endoplasms
  2 giant cockroaches
  4 hobgoblins
  4 kobolds
  A quokka (D:2)
  3 ball pythons
  2 bats (D:3)
  2 frilled lizards (D:3)
  3 goblins
  A rat (D:3)
34 creatures vanquished.

Notes
Turn   | Place    | Note
-------+----------+-------------------------------------------
     0 | D:1      | lunkers the Meteoran Fighter began the quest for the Orb.
     0 | D:1      | Reached XP level 1. HP: 19/19 MP: 2/2
   163 | D:1      | Reached skill level 3 in Long Blades
   163 | D:1      | Reached XP level 2. HP: 26/26 MP: 3/3
   430 | D:3      | Found a glowing golden altar of the Shining One.
   431 | D:3      | Found a blossoming altar of Fedhas.
   432 | D:3      | Found a bloodstained altar of Trog.
   432 | D:3      | Found a broken altar of Ashenzari.
   434 | D:3      | Found a shimmering blue altar of Sif Muna.
   453 | D:3      | Became a worshipper of Trog the Wrathful
   555 | D:3      | Reached skill level 4 in Long Blades
   555 | D:3      | Reached XP level 3. HP: 31/31 MP: 4/4
   557 | D:3      | Noticed Ijyb
   573 | D:3      | Killed Ijyb
   574 | D:3      | Reached XP level 4. HP: 18/38 MP: 5/5
   577 | D:3      | Found a faded altar of an unknown god.
   617 | D:3      | Reached skill level 5 in Long Blades
   870 | D:4      | Reached XP level 5. HP: 25/45 MP: 6/6
   871 | D:4      | Noticed an ogre
   879 | D:4      | Killed an ogre
   880 | D:4      | Reached skill level 6 in Long Blades
   880 | D:4      | Reached XP level 6. HP: 5/51 MP: 7/7
   934 | D:4      | Reached skill level 7 in Long Blades
  1229 | D:4      | Noticed an ogre
  1236 | D:4      | Demolished by an ogre

Illustrated notes

Levels and vault maps discovered:
D:1:      tarquinn_simple_flora_water_d, layout_rooms
D:2:      kb_forest_paths, layout_rooms, uniq_jessica, uniq_terence
D:3:      layout_basic, okawaru_altar_gauntlet_db, minitemple,
          hellmonk_ecumenical_altar_blasted, item_on_display_a, uniq_ijyb
D:4:      layout_gridville, chequers_jeans

Skill      XL: |  1  2  3  4  5  6 |
---------------+-------------------+-----
Long Blades    | 3 4 5 6 7 |  7.5
Fighting       | |  3.2
Armour         | |  3.6
Shields        | |  3.6

Action                   |  1- 3 |  4- 6 || total
-------------------------+-------+-------++-------
Melee: Long sword        |    47 |    55 ||   102
Armor: Scale mail        |    13 |    18 ||    31
Dodge: Dodged            |    19 |    18 ||    37
Block: Buckler           |     1 |       ||     1

Table legend: (Time is in decaauts)
 A = Elapsed time spent in this place.
 B = Non-inter-level travel time spent in this place.
 C = Inter-level travel time spent in this place.
 D = Time resting spent in this place.
 E = Time spent auto-exploring this place.
 F = Levels seen in this place.
 G = Mean time per level.
                   A        B        C        D        E       F      G
               +--------+--------+--------+--------+--------+-----+--------+
         Total |   1251 |   1202 |     49 |      0 |    878 |   4 |  312.8 |
       Dungeon |   1251 |   1202 |     49 |      0 |    878 |   4 |  312.8 |
               +--------+--------+--------+--------+--------+-----+--------+

Top non-repeatable levels by time:
     D:4: 488 daAuts
     D:3: 370 daAuts
     D:1: 293 daAuts
     D:2: 99 daAuts
